 Dungeon Crawl Stone Soup version 0.14.1-23-g35e4e54 (webtiles) character file.

188 Kae the Firebug (level 4, -13/24 HPs)
             Began as a Tengu Fire Elementalist on June 11, 2014.
             Mangled by a kobold
             ... wielding a +2,+5 short sword of electrocution
              (14 damage)
             ... on Level 3 of the Dungeon.
             The game lasted 00:03:53 (2652 turns).

Kae the Firebug (Tengu Fire Elementalist)           Turns: 2652, Time: 00:03:53

HP -13/24        AC 13     Str  9      XL: 4   Next: 92%
MP   9/9         EV 13     Int 16      God:
Gold 77          SH  0     Dex 17      Spells:  3 memorised,  2 levels left

rFire  . . .     SeeInvis .     l - +0,-1 whip (curse)
rCold  . . .     Clarity  .     r - +2 robe {rN+}
rNeg   + . .     Conserve .     (no shield)
rPois  .         rCorr    .     (helmet restricted)
rElec  .         rRot     .     k - +2 cloak
SustAb . .       Spirit   .     (no gloves)
rMut   .         Warding  .     (boots unavailable)
Saprov . . .     Stasis   .     (no amulet)
MR     .....                    u - +3 ring of dexterity
                                t - +6 ring of protection

@: not resistant to hostile enchantments, fairly stealthy
A: beak, talons 3
a: no special abilities


You were on level 3 of the Dungeon.
You were very hungry.

You visited 1 branch of the dungeon, and saw 3 of its levels.

You collected 77 gold pieces.

Inventory:

Hand weapons
 l - a cursed +0,-1 whip (weapon)
Armour
 a - a +0 robe
 k - a +2 cloak (worn)
 r - a +2 robe of positive energy (worn)
Comestibles
 c - a bread ration
 n - an apple
Scrolls
 g - a scroll of identify
Jewellery
 i - an uncursed ring of flight
 s - an uncursed ring of positive energy
 t - a +6 ring of protection (left hand)
 u - a +3 ring of dexterity (right hand)
Potions
 d - a potion of invisibility
 e - a potion of haste
 f - a potion of restore abilities
 h - a potion of heal wounds {unknown}
 j - a potion of confusion {unknown}
 m - a potion of curing
Books
 b - a book of Flames

   Spells                             Type                      Level
   *Flame Tongue                      Conjuration/Fire             1
   *Throw Flame                       Conjuration/Fire             2
   *Conjure Flame                     Conjuration/Fire             3
   Inner Flame                        Hexes/Fire                   3
   Sticky Flame                       Conjuration/Fire             4
   Fireball                           Conjuration/Fire             5


   Skills:
 - Level 2.1 Dodging
 - Level 2.0 Stealth
 + Level 2.6 Spellcasting
 * Level 3.8 Conjurations
 * Level 4.6 Fire Magic


You had 2 spell levels left.
You knew the following spells:

 Your Spells              Type           Power        Failure   Level  Hunger
a - Flame Tongue          Conj/Fire      ###..        4%          1    #......
b - Throw Flame           Conj/Fire      ###...       8%          2    ##.....
c - Conjure Flame         Conj/Fire      ###.....     12%         3    ###....


Dungeon Overview and Level Annotations

Branches:
Dungeon (3/15)

Altars:


Innate Abilities, Weirdness & Mutations

You have a beak for a mouth.
You have claws for feet.


Message History

Ouch! That really hurt!
You are too injured to fight recklessly!
You are too injured to fight recklessly!
You are too injured to fight recklessly!
You are too injured to fight recklessly!
You are too injured to fight recklessly!
You are too injured to fight recklessly!
You are too injured to fight recklessly!
You are too injured to fight recklessly!
The orc priest invokes the aid of Beogh against you.
Something smites you!
* * * LOW HITPOINT WARNING * * *
An ogre comes into view. It is wielding a giant spiked club.
The orc priest's eyes start to glow.
There is a stone staircase leading down here.
The kobold hits you with a short sword of electrocution.
* * * LOW HITPOINT WARNING * * *
You are electrocuted!
Ouch! That really hurt!
You die...

####### #####.....# ###
#.........# ..# #.........# #
..######....##...######.##...#
................@K.o.o.O.....#
#######################o#o...#
# .. . o.. o.. . #.. #


You could see an ogre, an orc priest, 2 orcs and a kobold.

Vanquished Creatures
  2 orc wizards
  Jessica (D:2)
  An adder (D:3)
  A worm (D:2)
  A giant gecko (D:2)
  An ooze (D:3)
  2 orcs (D:3)
  3 goblins
  2 hobgoblins
  6 bats
  A giant cockroach (D:2)
  2 giant newts
  2 kobolds
  A quokka (D:2)
  4 rats
30 creatures vanquished.

Notes
Turn   | Place    | Note
--------------------------------------------------------------
     0 | D:1      | Kae, the Tengu Fire Elementalist, began the quest for the Orb.
     0 | D:1      | Reached XP level 1. HP: 10/10 MP: 3/3
   622 | D:2      | Reached XP level 2. HP: 13/15 MP: 5/5
   738 | D:2      | Noticed Jessica
   754 | D:2      | Killed Jessica
   754 | D:2      | Reached XP level 3. HP: 5/19 MP: 1/7
  1112 | D:2      | Reached skill level 4 in Fire Magic
  1785 | D:3      | Learned a level 2 spell: Throw Flame
  1789 | D:3      | Learned a level 3 spell: Conjure Flame
  1926 | D:3      | Reached XP level 4. HP: 15/24 MP: 9/9
  1960 | D:3      | Noticed a sky beast
  2649 | D:3      | Noticed an ogre
  2652 | D:3      | HP: 1/24 [kobold/short sword of electrocution (1)]
  2652 | D:3      | Mangled by a kobold

Action                   |  1- 3 |  4- 6 || total
-------------------------+-------+-------++-------
Melee: Whip              |    56 |    11 ||    67
       Unarmed           |     7 |       ||     7
 Cast: Flame Tongue      |    28 |    16 ||    44
       Throw Flame       |       |     2 ||     2
  Use: Scroll            |     6 |       ||     6
       Potion            |       |     2 ||     2
